 Dungeon Crawl Stone Soup version 0.30.1-11-g7821555f0a (webtiles) character file.

Game seed: 654965632681432979

214 Dordric the Grave Robber (level 5, -4/35 HPs)
             Began as a Mummy Necromancer on Nov 9, 2023.
             Slain by a black bear (7 damage)
             ... on level 5 of the Dungeon.
             The game lasted 00:02:33 (2630 turns).

Dordric the Grave Robber (Mummy Necromancer)        Turns: 2630, Time: 00:02:34

Health: -4/35      AC:  3    Str: 11    XL:     5   Next: 60%
Magic:  6/11       EV: 11    Int: 14    God:
Gold:   173        SH:  0    Dex: 15    Spells: 4/12 levels left

rFire   x . .        b - +1 short sword (venom)
rCold   + . .        (no shield)
rNeg    + + +        h - +0 leather armour
rPois   ∞            (no helmet)
rElec   .            (no cloak)
rCorr   .            (no gloves)
SInv    .            (no boots)
Will    .....        (no amulet)
Stlth   ++           (no ring)
HPRegen 0.25/turn    (no ring)
MPRegen 0.12/turn

%: faith
@: no status effects
A: cold resistance 1, negative energy resistance 3, torment resistance 2, heat
vulnerability 1, in touch with death 1, no potions, faith
a: no special abilities


You were on level 5 of the Dungeon.
You visited 1 branch of the dungeon, and saw 5 of its levels.

You collected 173 gold pieces.

Inventory:

Hand Weapons
 b - a +1 short sword of venom (weapon)
Armour
 a - a +0 robe
 h - a +0 leather armour (worn)
Jewellery
 i - the ring "Buin" {Ice Int-4 Dex+3 SInv Stlth+}
   (You found it on level 3 of the Dungeon)

   [ring of ice]

   It enhances your ice magic.
   Int:       It affects your intelligence (-4).
   Dex:       It affects your dexterity (+3).
   rF:        It makes you vulnerable to fire.
   rC:        It protects you from cold.
   SInv:      It lets you see invisible.
   Stlth:     It makes you more stealthy.
Wands
 e - a wand of roots (9)
Scrolls
 c - 3 scrolls of identify {unknown}
 d - a scroll of torment {unknown}
 f - a scroll of silence {unknown}
 g - 3 scrolls of fear {unknown}


   Skills:
 + Level 2.0(2.4) Short Blades
 + Level 2.0(2.4) Long Blades
 - Level 1.6 Dodging
 - Level 1.6 Stealth
 + Level 4.2 Spellcasting
 + Level 4.8 Necromancy


You had 4 spell levels left.
You knew the following spells:

 Your Spells              Type           Power      Damage    Failure   Level
a - Necrotise             Necr           100%       1d9       3%          1
b - Vampiric Draining     Necr           25%        2d7       10%         3
c - Animate Dead          Necr           25%        N/A       32%         4

Your spell library contained the following spells:

 Spells                   Type           Power      Damage    Failure   Level
 Shock                    Conj/Air       8%         1d3       26%         1
 Summon Small Mammal      Summ           8%         N/A       26%         1
 Call Canine Familiar     Summ           2%         N/A       58%         3
 Summon Guardian Golem    Hex/Summ       2%         N/A       58%         3
 Swiftness                Air            2%         N/A       58%         3
 Airstrike                Air            1%         2d(1-17)  94%         4
 Agony                    Necr           25%        N/A       67%         5


Dungeon Overview and Level Annotations

Branches:
Dungeon (4/15)
 Temple: D:4-7

Altars:
Cheibriados
Makhleb


Innate Abilities, Weirdness & Mutations

You are immune to poison.
Your flesh is cold resistant. (rC+)
You are immune to negative energy. (rN+++)
You are immune to unholy pain and torment.
You are vulnerable to heat. (rF-)
You are in touch with the powers of death.
You do not drink.
You have a special connection with the divine. (Faith)


Message History

The gnoll is heavily wounded.
The gnoll closely misses you.
You hit the gnoll.
The gnoll looks as sick as possible!
The gnoll is severely wounded.
The gnoll barely misses you. The gnoll closely misses you.
You hit the gnoll.
You kill the gnoll!
Your gnoll skeleton hits the gnoll but does no damage.
The gnoll hits you from afar with a +0 spear.
The black bear bites your gnoll skeleton!
Your gnoll skeleton is destroyed!
You feel a surge of power!
The gnoll writhes in agony.
The gnoll hits you from afar with a +0 spear.
You feel a surge of power!
The gnoll writhes in agony.
The gnoll hits you from afar with a +0 spear.
You hit the black bear.
The black bear is poisoned.
The black bear is lightly wounded.
The black bear closely misses you.
The black bear claws you but does no damage. x2
The gnoll hits you but does no damage.
You barely miss the black bear.
The black bear is lightly wounded.
The black bear closely misses you. The black bear claws you. x2
The gnoll closely misses you.
The black bear attacks as you move away!
The black bear bites you but does no damage.
The black bear claws you. The black bear completely misses you.
The black bear attacks as you move away!
The black bear bites you. The black bear claws you. x2
You hit the black bear.
The black bear looks as sick as possible!
The black bear is lightly wounded.
The black bear bites you!
* * * LOW HITPOINT WARNING * * *
The black bear claws you but does no damage. x2
A black bear comes into view.
The gnoll hits you from afar with a +0 spear.
* * * LOW HITPOINT WARNING * * *
The black bear bites you!
You die...

#.......##
#........#
###.?....h.##
#...........#
#.........#
#......).$##...
#........).....
#..hg....###...
#.@......+
#........#
#........#
#........#
#........#
#........#
#........#
######+###


You could see 2 black bears and a gnoll.

Vanquished Creatures
  A scorpion (D:2)
  An iron imp (D:3)
  3 adders
  5 gnolls
  A worm (D:3)
  2 ball pythons
  2 bats
  6 endoplasms
  3 giant cockroaches
  4 goblins
  3 hobgoblins
  3 jackals (D:2)
  6 kobolds
  3 quokkas
  2 frilled lizards
  3 rats
48 creatures vanquished.

Notes
Turn   | Place    | Note
-------+----------+-------------------------------------------
     0 | D:1      | Dordric the Mummy Necromancer began the quest for the Orb.
     0 | D:1      | Reached XP level 1. HP: 13/13 MP: 4/4
   131 | D:1      | Reached XP level 2. HP: 19/19 MP: 5/5
   446 | D:2      | Noticed a scorpion
   460 | D:2      | Killed a scorpion
   461 | D:2      | Reached skill level 1 in Short Blades
   461 | D:2      | Reached skill level 1 in Long Blades
   461 | D:2      | Gained mutation: You are in touch with the powers of death.
                  | [Mummy growth]
   461 | D:2      | Reached XP level 3. HP: 5/24 MP: 8/8
   461 | D:2      | Reached XP level 4. HP: 7/30 MP: 9/9
   961 | D:2      | Found a faded altar of an unknown god.
  1374 | D:3      | Reached XP level 5. HP: 28/35 MP: 0/11
  1502 | D:3      | Identified the +3 dagger of Athotzeo {antimagic, rPois
                  | Str+2}
  1802 | D:3      | Found a burning altar of Makhleb.
  1888 | D:3      | Found a snail-covered altar of Cheibriados.
  1968 | D:3      | Learned a level 3 spell: Vampiric Draining
  1973 | D:3      | Learned a level 4 spell: Animate Dead
  2175 | D:3      | Identified the ring "Buin" {Ice Int-4 Dex+3 SInv Stlth+}
  2606 | D:4      | You fall into a shaft and drop 1 floor!
  2606 | D:5      | Entered Level 5 of the Dungeon
  2614 | D:5      | Noticed a black bear
  2629 | D:5      | Noticed a black bear
  2630 | D:5      | Slain by a black bear

Illustrated notes

Levels and vault maps discovered:
D:1:      giann_wishing_wells, layout_rooms
D:2:      layout_rooms, dreamdust_ecumenical_altar_hidden_monk_grotto,
          minmay_crystal_water, chequers_jeans
D:3:      layout_loops_corners, slow_altar_1, lightli_temple_of_fire
D:4:      kennysheep_the_goblin_king, layout_basic, zin_purify,
          eat_drink_and_be_merry_uskayaw, vehumet_statue, serial_shops,
          nicolae_shop_competitors_out_of_business, nicolae_ossuary_entry_ruins,
          nicolae_grassy_gnolls
D:5:      layout_basic, lightli_sewer_entry_pipes

Skill      XL: |  1  2  3  4  5 |
---------------+----------------+-----
Spellcasting   | 3 4 |  4.2
Short Blades   | 1 2 |  2.0
Long Blades    | 1 2 |  2.0
Dodging        | |  1.6
Stealth        | |  1.6
Necromancy     | |  4.8

Action                     |  1- 3 |  4- 6 || total
---------------------------+-------+-------++-------
  Melee: Short sword       |    49 |    42 ||    91
   Cast: Necrotise         |     2 |    51 ||    53
   Stab: Sleeping          |     2 |       ||     2
 Armour: Robe              |     4 |     6 ||    10
         Leather armour    |       |     8 ||     8
  Dodge: Dodged            |    28 |    34 ||    62
